[Event "*** SCC Grand Prix: Titled Tuesday Blitz"]
[Site "Chess.com"]
[Date "2020.06.09"]
[Round "3"]
[White "tylityli"]
[Black "CarlosAlbornoz"]
[Result "0-1"]
[WhiteElo "2279"]
[BlackElo "2706"]
[TimeControl "180+1"]
[EndTime "9:26:28 PDT"]
[Termination "CarlosAlbornoz won by resignation"]

1. d4 Nf6 2. c4 c5 3. d5 b5 4. Nd2 b4 5. e4 d6 6. b3 g6 7. Bb2 Bg7 8. Ngf3 O-O 9. h3 e5 10. Bd3 a5 11. a4 Nh5 12. O-O f5 13.
Re1 f4 14. Nh2 Nf6 15. Be2 g5 16. Bg4 Ra7 17. Bxc8 Qxc8 18. Ng4 Nbd7 19. f3 Nh5 20. Nf1 Qe8 21. Kf2 Qg6 22. Ke2 Bf6 23. Kd3 Ng7 24. Nxf6+ Nxf6 25. Nh2 h5 26. Rh1 Nge8 27. Qe1 Rg7 28.
Bc1 g4 29. hxg4 hxg4 30. Ra2 Rh7 31. Nxg4 Nxg4 32. fxg4 Rxh1 33. Qxh1 Nf6 34. Qh4 Qxe4+ 35.
Kd2 Qxg2+ 0-1

[Event "*** SCC Grand Prix: Titled Tuesday Blitz"]
[Site "Chess.com"]
[Date "2020.06.09"]
[Round "3"]
[White "Paralinch"]
[Black "JoachimMouhamad"]
[Result "1-0"]
[WhiteElo "2858"]
[BlackElo "2468"]
[TimeControl "180+1"]
[EndTime "9:26:31 PDT"]
[Termination "Paralinch won by resignation"]

1. e4 e5 2. Nf3 Nc6 3. d4 exd4 4. Nxd4 Nf6 5. Nxc6 bxc6 6. Nd2 Bc5 7. Bd3 O-O 8.
O-O Re8 9. h3 d5 10. exd5 cxd5 11. Nb3 Bd6 12. Nd4 Bd7 13. Bg5 h6 14. Bh4 c5 15.
Nf5 Bf8 16. Qf3 c4 17. Nxh6+ gxh6 18. Bxf6 Qc7 19. Bf5 Bxf5 20. Qxf5 Re4 21. Qxd5 Rae8 22. Rad1 Qf4 23. Bc3 Re2 24. Rd4 Qg5 25. Rg4 1-0

[Event "*** SCC Grand Prix: Titled Tuesday Blitz"]
[Site "Chess.com"]
[Date "2020.06.09"]
[Round "3"]
[White "chessplayer9919"]
[Black "carlesdc96"]
[Result "0-1"]
[WhiteElo "2520"]
[BlackElo "2730"]
[TimeControl "180+1"]
[EndTime "9:26:33 PDT"]
[Termination "carlesdc96 won by resignation"]

1. d4 e6 2. c4 Nf6 3. Nf3 Bb4+ 4. Bd2 Qe7 5. Nc3 O-O 6. e3 d6 7. a3 Bxc3 8. Bxc3 a5 9. Bd3 Nbd7 10. e4 e5 11. d5 a4 12. Bc2 Nc5 13. O-O Nfxe4 14. Bb4 f5 15. Re1 b6 16. Nd2 Nxd2 17. Qxd2 f4 18. f3 Bf5 19. Bxc5 bxc5 20. Bxf5 Rxf5 21. Re4 Rb8 22. Qc2 Rb3 23. Rae1 g6 24.
Qd2 Qh4 25. g3 Qh3 26. g4 Rf8 27. Qg2 Qxf3 28. Qxf3 Rxf3 29. Kg2 Rb3 0-1

[Event "*** SCC Grand Prix: Titled Tuesday Blitz"]
[Site "Chess.com"]
[Date "2020.06.09"]
[Round "3"]
[White "Borsuk_Konstantin"]
[Black "FrogMist"]
[Result "1-0"]
[WhiteElo "2566"]
[BlackElo "2370"]
[TimeControl "180+1"]
[EndTime "9:26:33 PDT"]
[Termination "Borsuk_Konstantin won by resignation"]

1. d4 Nf6 2. c4 g6 3. Nc3 Bg7 4. e4 O-O 5. Be3 d6 6. f3 c5 7. dxc5 dxc5 8. Qxd8 Rxd8 9. Bxc5 Nc6 10. Nd5 Nxd5 11.
cxd5 Bxb2 12. Rb1 Bc3+ 13. Kd1 b6 14. Ba3 Nd4 15. Bxe7 Re8 16. Bb4 Bxb4 17. Rxb4 f5 18. Rxd4 fxe4 19. fxe4 Bg4+ 20. Nf3 Rad8 21. h3 Bxf3+ 22.
gxf3 1-0

[Event "*** SCC Grand Prix: Titled Tuesday Blitz"]
[Site "Chess.com"]
[Date "2020.06.09"]
[Round "3"]
[White "PowerThinking2650"]
[Black "Alexey_Spirin"]
[Result "1-0"]
[WhiteElo "2330"]
[BlackElo "2033"]
[TimeControl "180+1"]
[EndTime "9:26:38 PDT"]
[Termination "PowerThinking2650 won by resignation"]

1. e4 c5 2. Nf3 Nc6 3. d4 cxd4 4. Nxd4 Nf6 5. Nc3 e5 6. Ndb5 d6 7. Bg5 a6 8. Na3 b5 9. Nd5 Be7 10. Bxf6 Bxf6 11. c3 Bb7 12. Nc2 Nb8 13. h4 Nd7 14. g3 O-O 15. Nce3 g6 16. a4 bxa4 17. Qxa4 Nc5 18.
Qc2 a5 19. b4 axb4 20. Rxa8 Bxa8 21. cxb4 Ne6 22. Bc4 Nd4 23. Qd1 Bg7 24. h5 Bb7 25. hxg6 hxg6 26. Qg4 Bc8 27. Qxg6 1-0

[Event "*** SCC Grand Prix: Titled Tuesday Blitz"]
[Site "Chess.com"]
[Date "2020.06.09"]
[Round "3"]
[White "2007checkmate"]
[Black "Vuk2000"]
[Result "0-1"]
[WhiteElo "2407"]
[BlackElo "2613"]
[TimeControl "180+1"]
[EndTime "9:26:40 PDT"]
[Termination "Vuk2000 won by resignation"]

1. Nc3 d5 2. d4 Nf6 3. Bf4 e6 4. e3 Bd6 5. Bd3 Bxf4 6. exf4 Qd6 7. g3 O-O 8. Nf3 b6 9. Ne5 c5 10. Qf3 Ba6 11. O-O-O Bxd3 12. Rxd3 cxd4 13. Nb5 Qc5 14. Nxd4 Nbd7 15. g4 Nxe5 16. fxe5 Ne4 17. g5 Qa5 18.
Qh5 Nxf2 19. Rf3 Nxh1 20. Rh3 Qe1+ 0-1

[Event "*** SCC Grand Prix: Titled Tuesday Blitz"]
[Site "Chess.com"]
[Date "2020.06.09"]
[Round "3"]
[White "Ekka83"]
[Black "Shahinyan_ChessMood"]
[Result "0-1"]
[WhiteElo "2400"]
[BlackElo "2603"]
[TimeControl "180+1"]
[EndTime "9:26:41 PDT"]
[Termination "Shahinyan_ChessMood won by resignation"]

1. e4 e6 2. d4 d5 3. e5 c5 4. c3 Nc6 5. Nf3 Bd7 6. a3 f6 7. Be2 fxe5 8. dxe5 g6 9. O-O Bg7 10.
Bg5 Nge7 11. Bf6 Bxf6 12. exf6 Ng8 13. f7+ Kxf7 14. c4 d4 15. Nbd2 Nf6 16. Ng5+ Kg7 17.
Nde4 b6 18. Bf3 h6 19. Nxf6 Qxf6 20. Ne4 Qe7 21. Re1 Ne5 22. Be2 Bc6 23. Ng3 Raf8 24. Bg4 Qf6 25. Rf1 h5 26. Bxh5 gxh5 27. Nxh5+ Rxh5 28. Qxh5 Rh8 29. Qe2 Nf3+ 30. gxf3 Bxf3 0-1

[Event "*** SCC Grand Prix: Titled Tuesday Blitz"]
[Site "Chess.com"]
[Date "2020.06.09"]
[Round "3"]
[White "MYMChessAcademy"]
[Black "1f3_2g41-0"]
[Result "1-0"]
[WhiteElo "2388"]
[BlackElo "2200"]
[TimeControl "180+1"]
[EndTime "9:26:41 PDT"]
[Termination "MYMChessAcademy won by resignation"]

1. e4 c5 2. Ne2 d6 3. Nbc3 Nf6 4. g3 a6 5. Bg2 g6 6. O-O Bg7 7. d3 O-O 8. h3 h5 9. f4 Nc6 10. f5 Nd4 11. Nf4 gxf5 12. Nxh5 Nxh5 13. Qxh5 fxe4 14. Nxe4 Bf5 15. Rxf5 Nxf5 16. Qxf5 e6 17.
Qh5 f5 18. Ng5 Rf6 19. Qh7+ Kf8 20. Nf3 Qe8 21. Nh4 Qd7 22. Bg5 Rf7 23. Ng6+ Ke8 24. Qg8+ Bf8 25. Bh6 1-0

[Event "*** SCC Grand Prix: Titled Tuesday Blitz"]
[Site "Chess.com"]
[Date "2020.06.09"]
[Round "3"]
[White "kleinebeer98"]
[Black "Msb2"]
[Result "1-0"]
[WhiteElo "2660"]
[BlackElo "2839"]
[TimeControl "180+1"]
[EndTime "9:26:44 PDT"]
[Termination "kleinebeer98 won by resignation"]

1. e4 e6 2. d4 d5 3. Bd3 dxe4 4. Bxe4 Nf6 5. Bf3 c5 6. Ne2 Be7 7. Be3 O-O 8. O-O Qc7 9. Nbc3 Rd8 10. Qe1 Nc6 11.
Rd1 cxd4 12. Nxd4 Ne5 13. Be2 a6 14. f4 Nc4 15. Bxc4 Qxc4 16. Kh1 b5 17. f5 exf5 18.
Bg5 Ra7 19. Nxf5 Rxd1 20. Nxe7+ Rxe7 21. Qxd1 Bg4 22. Qd3 Qd4 23. Qxd4 1-0

[Event "*** SCC Grand Prix: Titled Tuesday Blitz"]
[Site "Chess.com"]
[Date "2020.06.09"]
[Round "3"]
[White "Jumbo"]
[Black "LisikValera"]
[Result "1-0"]
[WhiteElo "2827"]
[BlackElo "2467"]
[TimeControl "180+1"]
[EndTime "9:26:44 PDT"]
[Termination "Jumbo won by resignation"]

1. e4 e6 2. d3 d5 3. Nd2 Nf6 4. Ngf3 Nc6 5. g3 Bc5 6. Bg2 dxe4 7. dxe4 e5 8. O-O O-O 9. c3 a5 10. Qe2 b6 11. Rd1 Ba6 12. c4 Nd4 13. Nxd4 Bxd4 14.
Nf3 c5 15. Nxe5 Bxe5 16. Rxd8 Raxd8 17. Be3 Bd4 18. Rc1 Rfe8 19. f3 Bxe3+ 20. Qxe3 Rd4 21. Bf1 Nd7 22. Be2 f5 23. Rd1 Rxd1+ 24. Bxd1 fxe4 25. Ba4 Bc8 26. fxe4 Re7 27. Bc6 g6 28. Qg5 Kf8 29. Qf4+ Kg7 30. Qc7 1-0

[Event "*** SCC Grand Prix: Titled Tuesday Blitz"]
[Site "Chess.com"]
[Date "2020.06.09"]
[Round "3"]
[White "GM_Buhmann"]
[Black "MFguimaraes"]
[Result "1-0"]
[WhiteElo "2744"]
[BlackElo "2452"]
[TimeControl "180+1"]
[EndTime "9:26:49 PDT"]
[Termination "GM_Buhmann won by resignation"]

1. d4 Nf6 2. c4 c6 3. Nf3 d5 4. e3 e6 5. Nbd2 Nbd7 6. Bd3 Bd6 7. O-O O-O 8. e4 dxe4 9. Nxe4 Nxe4 10. Bxe4 Nf6 11.
Bc2 h6 12. Qe2 c5 13. Rd1 Qc7 14. dxc5 Bxc5 15. Bd2 Bd7 16. Bc3 Bc6 17. Ne5 Be7 18.
Ng4 Qf4 19. Rd4 Qg5 20. Nxf6+ Bxf6 21. Rg4 Bxc3 22. Rxg5 Bxb2 23. Rb1 hxg5 24. Rxb2 g6 25. Be4 Rab8 26. Bxc6 bxc6 27. Rxb8 Rxb8 28. h3 c5 29. Qe5 Rb1+ 30. Kh2 Rf1 31. Qxc5 1-0

[Event "*** SCC Grand Prix: Titled Tuesday Blitz"]
[Site "Chess.com"]
[Date "2020.06.09"]
[Round "3"]
[White "rakshi2005"]
[Black "WiktoriaPOL"]
[Result "1-0"]
[WhiteElo "2328"]
[BlackElo "2026"]
[TimeControl "180+1"]
[EndTime "9:26:51 PDT"]
[Termination "rakshi2005 won by checkmate"]

1. e4 c5 2. Nf3 d6 3. d4 cxd4 4. Nxd4 Nf6 5. Nc3 a6 6. Bg5 Nbd7 7.
f4 Qc7 8. Qf3 b5 9. O-O-O Bb7 10.
Bd3 e6 11. Rhe1 Be7 12. Qg3 O-O 13. e5 dxe5 14. fxe5 Nd5 15. Nxd5 Bxg5+ 16. Qxg5 Bxd5 17.
Re3 h6 18. Qf4 Kh8 19. Rh3 Kg8 20. Rxh6 Qxe5 21. Rh8+ Kxh8 22. Qh4+ Kg8 23. Qh7# 1-0

[Event "*** SCC Grand Prix: Titled Tuesday Blitz"]
[Site "Chess.com"]
[Date "2020.06.09"]
[Round "3"]
[White "Karateloru"]
[Black "marianokar"]
[Result "1-0"]
[WhiteElo "2611"]
[BlackElo "2407"]
[TimeControl "180+1"]
[EndTime "9:26:52 PDT"]
[Termination "Karateloru won on time"]

1. e4 e6 2. Nc3 d5 3. Nf3 Nf6 4. e5 Nfd7 5. d4 c5 6. dxc5 Nc6 7. Bf4 Bxc5 8. Bd3 a6 9. a3 h6 10. h4 Qc7 11. Qe2 Nd4 12. Nxd4 Bxd4 13. O-O g5 14. Bh2 Bxe5 15. f4 Bxc3 16. bxc3 Qc5+ 17. Kh1 gxh4 18. f5 Nb6 19. Bg1 Qc6 20. Qe5 Rg8 21. Rab1 Nd7 22. Qe3 e5 23. f6 b6 24. Bf5 1-0

[Event "*** SCC Grand Prix: Titled Tuesday Blitz"]
[Site "Chess.com"]
[Date "2020.06.09"]
[Round "3"]
[White "parnali1611"]
[Black "Nara_Kh"]
[Result "1-0"]
[WhiteElo "2055"]
[BlackElo "2302"]
[TimeControl "180+1"]
[EndTime "9:26:52 PDT"]
[Termination "parnali1611 won by checkmate"]

1. d4 g6 2. c4 Bg7 3. Nc3 d6 4. g3 Nc6 5. Nf3 Bg4 6. Bg2 e5 7.
d5 Bxf3 8. Bxf3 Nd4 9. Bg2 Ne7 10. O-O O-O 11. g4 f5 12. e3 Qd7 13. exd4 exd4 14. Nb5 fxg4 15. Nxd4 Be5 16. Ne6 Rf5 17. Qxg4 h5 18. Qe2 c6 19. f4 Bf6 20. Be4 cxd5 21. Bxf5 Nxf5 22. cxd5 Kh7 23. Kh1 Rg8 24. Be3 Qa4 25. Bf2 Qa5 26. Rfd1 a6 27. Rac1 Kh8 28. Rc7 Qb4 29. b3 a5 30. Ng5 Qxf4 31. Rh7# 1-0

[Event "*** SCC Grand Prix: Titled Tuesday Blitz"]
[Site "Chess.com"]
[Date "2020.06.09"]
[Round "3"]
[White "Maghalashvili"]
[Black "bugsbunny444"]
[Result "1-0"]
[WhiteElo "2769"]
[BlackElo "2489"]
[TimeControl "180+1"]
[EndTime "9:26:53 PDT"]
[Termination "Maghalashvili won by resignation"]

1. Nf3 d5 2. g3 Nc6 3. d4 Bf5 4. Bg2 Nb4 5. O-O Bxc2 6. Qd2 e6 7. a3 Bxb1 8. Rxb1 Nc6 9. b4 Nf6 10. b5 Ne4 11. Qc2 Na5 12. Ne5 Nd6 13. e4 dxe4 14. Bd2 b6 15. Bxa5 bxa5 16. Qc6+ Ke7 17.
Qc3 Ke8 18. Rfe1 f6 19. Nc6 Qd7 20. Bxe4 Kf7 21. Ne5+ fxe5 22. Bxa8 exd4 23. Qxd4 Be7 24. Bc6 Qc8 25. Qxa7 Bf6 26. b6 1-0

[Event "*** SCC Grand Prix: Titled Tuesday Blitz"]
[Site "Chess.com"]
[Date "2020.06.09"]
[Round "3"]
[White "cholzan"]
[Black "picturesquecheck"]
[Result "0-1"]
[WhiteElo "2322"]
[BlackElo "2113"]
[TimeControl "180+1"]
[EndTime "9:26:54 PDT"]
[Termination "picturesquecheck won by resignation"]

1. d4 Nf6 2. c4 e6 3. Nc3 d5 4.
cxd5 exd5 5. Bg5 Be7 6. e3 Bf5 7. Bd3 Bxd3 8. Qxd3 c6 9. Nf3 O-O 10. O-O Nbd7 11. Rab1 Re8 12. b4 a6 13. a4 Ne4 14.
Bxe7 Qxe7 15. Rfc1 Rec8 16. Nd2 Nxd2 17. Qxd2 Nb6 18.
Qd3 Nc4 19. e4 Nb6 20. a5 dxe4 21. Nxe4 Nd5 22. Nc5 Re8 23. g3 Rab8 24. Qd2 Qe2 25. Qg5 h6 26. Qf5 g6 27. Qh3 h5 28. Re1 Qxe1+ 29.
Rxe1 Rxe1+ 30. Kg2 Nxb4 31. Qd7 Nd5 32. Nxb7 Re7 33.
Qxc6 Nb4 0-1

[Event "*** SCC Grand Prix: Titled Tuesday Blitz"]
[Site "Chess.com"]
[Date "2020.06.09"]
[Round "3"]
[White "Julianos82"]
[Black "Gennady_Kozlov"]
[Result "1-0"]
[WhiteElo "2389"]
[BlackElo "2558"]
[TimeControl "180+1"]
[EndTime "9:26:55 PDT"]
[Termination "Julianos82 won by checkmate"]

1. d4 e6 2. Nf3 Nf6 3. Bg5 Be7 4. Nbd2 d5 5. e3 c5 6. c3 Nc6 7. Bd3 h6 8. Bh4 g5 9. Bg3 Bd6 10. Ne5 Bxe5 11. dxe5 Nd7 12. f4 Qb6 13. Qe2 c4 14. Bxc4 gxf4 15. exf4 Qxb2 16. O-O dxc4 17. f5 Qxc3 18.
fxe6 fxe6 19. Ne4 Qd4+ 20. Kh1 Ncxe5 21. Bh4 h5 22. Rad1 Nd3 23. Qf3 N7e5 24. Qf6 Nf3 25. Qe7# 1-0

[Event "*** SCC Grand Prix: Titled Tuesday Blitz"]
[Site "Chess.com"]
[Date "2020.06.09"]
[Round "3"]
[White "gumimis"]
[Black "MNyuyu"]
[Result "0-1"]
[WhiteElo "2147"]
[BlackElo "2360"]
[TimeControl "180+1"]
[EndTime "9:26:56 PDT"]
[Termination "MNyuyu won by checkmate"]

1. e4 d5 2. exd5 Qxd5 3. Nc3 Qd8 4. d4 c6 5. Nf3 Bg4 6. Be3 e6 7. h3 Bh5 8. g4 Bg6 9. Ne5 Nd7 10. Nxg6 hxg6 11.
Bg2 Ngf6 12. Qe2 Qa5 13. O-O-O Bb4 14. Qc4 Bxc3 15. bxc3 Nd5 16. Bxd5 cxd5 17. Qb3 Rc8 18. Bd2 Rc4 19. f4 O-O 20. h4 Rfc8 21. h5 R8c6 22. a3 Nf8 23. hxg6 Nxg6 24. f5 Nf8 25. Rh3 Rb6 26. Rdh1 f6 27. Rh8+ Kf7 28. fxe6+ Nxe6 29. Qa2 Rxc3 30. Bxc3 Qxc3 31. Qxd5 Qe3+ 32. Kd1 Rb1# 0-1

[Event "*** SCC Grand Prix: Titled Tuesday Blitz"]
[Site "Chess.com"]
[Date "2020.06.09"]
[Round "3"]
[White "martabartel"]
[Black "NIGWAPO"]
[Result "0-1"]
[WhiteElo "2326"]
[BlackElo "2554"]
[TimeControl "180+1"]
[EndTime "9:26:59 PDT"]
[Termination "NIGWAPO won by resignation"]

1. d4 Nf6 2. Nf3 c5 3. d5 e6 4.
c4 exd5 5. cxd5 d6 6. Nc3 g6 7. Bf4 a6 8. a4 Bg7 9. h3 O-O 10. e3 Re8 11. Be2 Ne4 12. Nxe4 Rxe4 13. Nd2 Rb4 14. Nc4 Bf8 15. O-O b6 16. Qc2 Bb7 17. e4 b5 18. axb5 axb5 19. Rxa8 Bxa8 20. Ne3 Qf6 21. Bg3 Qxb2 22. Qd1 Rxe4 23. Qa1 Qxe2 24. Qxa8 Re8 25. Ng4 Nd7 26. Qb7 h5 27. Qxd7 hxg4 28. hxg4 b4 29. Bxd6 Bxd6 30. Qxd6 Qb5 31.
Rc1 c4 32. Qc6 Qxc6 33. dxc6 c3 34. Kf1 Rc8 35. Ke2 Rxc6 36. Kd3 Kf8 37. Rb1 c2 38. Rc1 b3 0-1

[Event "*** SCC Grand Prix: Titled Tuesday Blitz"]
[Site "Chess.com"]
[Date "2020.06.09"]
[Round "3"]
[White "Rish_97"]
[Black "Fh2411"]
[Result "1-0"]
[WhiteElo "2699"]
[BlackElo "2437"]
[TimeControl "180+1"]
[EndTime "9:27:01 PDT"]
[Termination "Rish_97 won by resignation"]

1. d4 Nf6 2. Nf3 e6 3. c4 b6 4.
a3 Bb7 5. Bf4 Be7 6. Nc3 O-O 7.
e3 d5 8. cxd5 exd5 9. Bd3 c5 10.
O-O c4 11. Bc2 a6 12. a4 Nc6 13. Ne5 Nb4 14. Bb1 g6 15. Bh6 Re8 16. f4 Rc8 17.
f5 Ne4 18. Bxe4 dxe4 19. fxg6 fxg6 20. Qg4 Qd6 21. Rf7 Qxe5 22. dxe5 Kxf7 23. Rf1+ Kg8 24. Qe6+ Kh8 25. Rf7 1-0

[Event "*** SCC Grand Prix: Titled Tuesday Blitz"]
[Site "Chess.com"]
[Date "2020.06.09"]
[Round "3"]
[White "Koalaskakistis"]
[Black "hepyeke"]
[Result "1-0"]
[WhiteElo "2444"]
[BlackElo "2200"]
[TimeControl "180+1"]
[EndTime "9:27:02 PDT"]
[Termination "Koalaskakistis won by resignation"]

1. f4 c5 2. Nf3 Nc6 3. g3 g6 4.
Bg2 Bg7 5. O-O d6 6. e4 Nf6 7.
Nc3 O-O 8. d3 Rb8 9. h3 b5 10.
g4 b4 11. Ne2 Ne8 12. g5 Nc7 13. h4 Ba6 14. h5 c4 15. d4 c3 16. bxc3 bxc3 17. Be3 d5 18. e5 Qd7 19. Kh2 Bxe2 20. Qxe2 Qg4 21. h6 Bh8 22. Bh3 Qh5 23. Qg2 Rb2 24. Kg3 f5 25. exf6 exf6 26. Bg4 Ne7 27. Bxh5 Nf5+ 28. Kh3 Nxe3 29. Qe2 Nxf1 30. Bxg6 hxg6 31.
Qe7 Rf7 32. Qe8+ Kh7 33. Qxf7+ 1-0

[Event "*** SCC Grand Prix: Titled Tuesday Blitz"]
[Site "Chess.com"]
[Date "2020.06.09"]
[Round "3"]
[White "TigranMukhutdinov"]
[Black "pfalcon1949"]
[Result "1-0"]
[WhiteElo "2476"]
[BlackElo "1928"]
[TimeControl "180+1"]
[EndTime "9:27:03 PDT"]
[Termination "TigranMukhutdinov won by resignation"]

1. Nf3 d5 2. g3 Nf6 3. Bg2 e6 4. c4 Be7 5. O-O O-O 6. d4 dxc4 7. Ne5 Nc6 8. Bxc6 bxc6 9. Nxc6 Qe8 10. Nxe7+ Qxe7 11. Qc2 a5 12. Nc3 c5 13. Rd1 cxd4 14. Rxd4 Qc5 15. Be3 Bb7 16. f3 Rac8 17. Kf2 Qh5 18.
Rh4 Qg6 19. Qa4 Nd5 20. Nxd5 exd5 21. Qxa5 Qc2 22. Bd4 Rfe8 23. Re1 Re6 24. Qa7 Ba6 25. Rg4 g6 26. Rf4 Rf8 27. Rf6 Rxf6 28. Bxf6 Bb5 29.
Qd4 c3 30. Qxc3 Qxc3 31. Bxc3 Bc4 32. b3 Ra8 33. bxc4 Rxa2 34. Rb1 Kf8 35. cxd5 Ke7 36. Be5 Rd2 37. Rb7+ 1-0

[Event "*** SCC Grand Prix: Titled Tuesday Blitz"]
[Site "Chess.com"]
[Date "2020.06.09"]
[Round "3"]
[White "Bayernbk"]
[Black "Charlottemillard17"]
[Result "1-0"]
[WhiteElo "2474"]
[BlackElo "1504"]
[TimeControl "180+1"]
[EndTime "9:27:07 PDT"]
[Termination "Bayernbk won by resignation"]

1. e4 e5 2. Nc3 Bc5 3. Nf3 d6 4. d4 exd4 5. Nxd4 Nf6 6. g3 Bg4 7.
Qd3 Nbd7 8. f4 Qe7 9. Bg2 O-O 10. h3 Be6 11. Bd2 Nb6 12. Nxe6 Qxe6 13. O-O-O Nbd7 14. g4 Ne8 15. Nd5 c6 16. f5 Qe5 17. Bc3 Qg3 18.
Qxg3 Ne5 19. Ne7+ Kh8 20. Bxe5 dxe5 21. Qxe5 Nf6 22. g5 Rfe8 23. gxf6 1-0

[Event "*** SCC Grand Prix: Titled Tuesday Blitz"]
[Site "Chess.com"]
[Date "2020.06.09"]
[Round "3"]
[White "SCIM"]
[Black "queen_iryna"]
[Result "1-0"]
[WhiteElo "2551"]
[BlackElo "2318"]
[TimeControl "180+1"]
[EndTime "9:27:11 PDT"]
[Termination "SCIM won by resignation"]

1. d4 d5 2. c4 c6 3. Nf3 Nf6 4. e3 Bf5 5. Nc3 e6 6. Nh4 Bg6 7. Qb3 Qb6 8. Nxg6 hxg6 9. Bd2 Nbd7 10. Qc2 Bb4 11. Bd3 Bxc3 12. Bxc3 Qc7 13. h3 g5 14. O-O-O O-O-O 15. Kb1 Rh6 16. Rhe1 Nb6 17. c5 Nbd7 18. Qa4 Kb8 19. Ba5 b6 20. cxb6 axb6 21. Bd2 b5 22.
Qa3 Kb7 23. Ba5 Nb6 24. Rc1 Qd7 25. Qc5 Na4 26. Qb4 Ra8 27. Rxc6 Qxc6 28. Bxb5 Qb6 29.
Bxb6 Nxb6 30. Qe7+ Nfd7 31. Bxd7 1-0

[Event "*** SCC Grand Prix: Titled Tuesday Blitz"]
[Site "Chess.com"]
[Date "2020.06.09"]
[Round "3"]
[White "Nyzhnyk_Illia"]
[Black "aNaartjieZA"]
[Result "1-0"]
[WhiteElo "2870"]
[BlackElo "2585"]
[TimeControl "180+1"]
[EndTime "9:27:13 PDT"]
[Termination "Nyzhnyk_Illia won by resignation"]

1. d4 Nf6 2. Nf3 c5 3. d5 d6 4.
Nc3 e5 5. dxe6 Bxe6 6. e4 Nc6 7. Bg5 h6 8. Bh4 Be7 9. Qd2 O-O 10. O-O-O Qa5 11.
a3 Rfd8 12. Nd5 Qxd2+ 13. Rxd2 g5 14. Nxf6+ Bxf6 15. Bg3 d5 16. exd5 Rxd5 17. Bc4 Rxd2 18.
Nxd2 Bxc4 19. Nxc4 Rd8 20. Re1 Kf8 21. Nd6 b6 22. Nf5 h5 23. h4 gxh4 24. Bxh4 Bxh4 25. Nxh4 Rd4 26. g3 Rd5 27. Rd1 Rxd1+ 28. Kxd1 Ke7 29.
Kd2 Kf6 30. Ke3 Nd4 31. c3 Nc6 32. Ke4 Ne7 33. Ng2 Ng6 34. Nf4 h4 35. Nxg6 h3 36. Ne5 Ke6 37. Nf3 1-0

[Event "*** SCC Grand Prix: Titled Tuesday Blitz"]
[Site "Chess.com"]
[Date "2020.06.09"]
[Round "3"]
[White "Alexander_Moskalenko"]
[Black "topotun"]
[Result "1-0"]
[WhiteElo "2815"]
[BlackElo "2603"]
[TimeControl "180+1"]
[EndTime "9:27:15 PDT"]
[Termination "Alexander_Moskalenko won by resignation"]

1. e4 c5 2. Nf3 e6 3. g3 Nc6 4. Bg2 Nf6 5. Qe2 e5 6. c3 Be7 7. O-O O-O 8. Na3 d6 9. d3 h6 10. Nc4 Re8 11. a4 Be6 12. Nfd2 Bf8 13. Ne3 d5 14. f4 exf4 15. gxf4 d4 16. Nec4 Qd7 17. e5 dxc3 18. bxc3 Nd5 19. Ne4 Nxc3 20. Nxc3 Qd4+ 21. Be3 Qxc3 22. Rfc1 Qb3 23. Rcb1 Qc3 24. Ra3 Nd4 25. Qf1 Qc2 26. Rb2 Bxc4 27. Rxc2 Nxc2 28.
dxc4 Nxa3 29. Qc1 1-0

[Event "*** SCC Grand Prix: Titled Tuesday Blitz"]
[Site "Chess.com"]
[Date "2020.06.09"]
[Round "3"]
[White "RestartingChess"]
[Black "quesfr"]
[Result "1-0"]
[WhiteElo "2458"]
[BlackElo "2253"]
[TimeControl "180+1"]
[EndTime "9:27:20 PDT"]
[Termination "RestartingChess won by resignation"]

1. e4 c5 2. Nf3 d6 3. Bb5+ Nc6 4.
c4 g6 5. Nc3 Bg7 6. d3 e5 7. O-O Ne7 8. Nd5 O-O 9. Bg5 f6 10.
Be3 Bg4 11. h3 Be6 12. Qd2 Rf7 13. Nh2 a6 14. Ba4 f5 15. Bg5 Qf8 16. Nc7 Bd7 17. Nxa8 Qxa8 18. Rae1 Be6 19. Nf3 f4 20. Bxe7 Rxe7 21.
Bxc6 bxc6 22. Qa5 Qb7 23. Qd8+ Bf8 24. Qxd6 Qc7 25. Qxc7 Rxc7 26. Nxe5 Bg7 27. Nf3 Bxb2 28. Rb1 Bc3 29. Rb3 Bf6 30. Rb8+ Kg7 31. Rfb1 Bc8 32. e5 Be7 33. d4 cxd4 34. Nxd4 Bc5 35. Rxc8 Rxc8 36.
Ne6+ Kf7 37. Nxc5 1-0

[Event "*** SCC Grand Prix: Titled Tuesday Blitz"]
[Site "Chess.com"]
[Date "2020.06.09"]
[Round "3"]
[White "doctorcristian"]
[Black "GothamChess"]
[Result "1-0"]
[WhiteElo "2419"]
[BlackElo "2586"]
[TimeControl "180+1"]
[EndTime "9:27:22 PDT"]
[Termination "doctorcristian won by resignation"]

1. d4 f5 2. g3 Nf6 3. Bg2 g6 4. c3 Bg7 5. Qb3 d5 6. Nh3 O-O 7. Nf4 c6 8. h4 Qe8 9. h5 a5 10. hxg6 hxg6 11. a4 Na6 12. Nd3 Ne4 13. Bf4 e6 14. f3 Nf6 15. Na3 Nd7 16. Bd6 Rf7 17. f4 Bf8 18. Bxf8 Qxf8 19. Kf2 Rh7 20. Rxh7 Kxh7 21. Rh1+ Kg7 22. Nc2 b6 23. Nce1 Qd6 24. Nf3 Bb7 25. Nde5 Nf6 26. Ng5 c5 27. e3 Rc8 28.
Qa3 Nc7 29. Rh2 Ba6 30. Qa1 1-0

[Event "*** SCC Grand Prix: Titled Tuesday Blitz"]
[Site "Chess.com"]
[Date "2020.06.09"]
[Round "3"]
[White "Bhagya_2312"]
[Black "MartinMatthiesen"]
[Result "0-1"]
[WhiteElo "2126"]
[BlackElo "2355"]
[TimeControl "180+1"]
[EndTime "9:27:22 PDT"]
[Termination "MartinMatthiesen won by resignation"]

1. e4 c5 2. Nf3 d6 3. d4 cxd4 4. Nxd4 Nf6 5. Nc3 a6 6. Be2 e5 7. Nb3 Be7 8. O-O O-O 9. Kh1 Be6 10. f4 Nbd7 11. f5 Bxb3 12. axb3 b5 13. Bf3 b4 14.
Nd5 Nxd5 15. Qxd5 Qc7 16. Qd3 Rfc8 17. Bd1 Qc6 18. Qe2 Nc5 19. Re1 Bh4 20. g3 Bf6 21. Qg2 a5 22. c4 bxc3 23. bxc3 Nd3 24. Rf1 Qxc3 25. Bd2 Qxa1 0-1

[Event "*** SCC Grand Prix: Titled Tuesday Blitz"]
[Site "Chess.com"]
[Date "2020.06.09"]
[Round "3"]
[White "cassoulet"]
[Black "Enriquack"]
[Result "1-0"]
[WhiteElo "2615"]
[BlackElo "2410"]
[TimeControl "180+1"]
[EndTime "9:27:23 PDT"]
[Termination "cassoulet won by resignation"]

1. e4 c5 2. Nf3 e6 3. d4 cxd4 4.
Nxd4 Nc6 5. Nc3 Qc7 6. Be2 Nf6 7. O-O Be7 8. Be3 O-O 9. f4 d6 10. a4 a6 11. Qe1 Nxd4 12. Bxd4 e5 13. fxe5 dxe5 14.
Qg3 Bd6 15. Be3 Kh8 16. Rad1 Bc5 17. Kh1 Bxe3 18. Qxe3 Be6 19. Nd5 Qxc2 20. Bd3 Qxb2 21. Rxf6 Bxd5 22. exd5 e4 23. Qxe4 g6 24. Rff1 Rfe8 25.
Qf4 f5 26. d6 Rad8 27. Bc4 Qb4 28. Qd4+ 1-0

[Event "*** SCC Grand Prix: Titled Tuesday Blitz"]
[Site "Chess.com"]
[Date "2020.06.09"]
[Round "3"]
[White "ChessyInstinct"]
[Black "SamuelGhimpu2003"]
[Result "0-1"]
[WhiteElo "2405"]
[BlackElo "2606"]
[TimeControl "180+1"]
[EndTime "9:27:23 PDT"]
[Termination "SamuelGhimpu2003 won by resignation"]

1. d4 Nf6 2. c4 g6 3. Nc3 d5 4. Bg5 Ne4 5. Bf4 Nxc3 6. bxc3 dxc4 7. e4 c5 8. Nf3 Bg7 9. Bxc4 Qa5 10.
Qb3 O-O 11. O-O Nd7 12. Bxf7+ Rxf7 13. Ng5 e6 14. Qxe6 Ne5 15. Qd5 h6 16. dxe5 hxg5 17.
e6 Re7 18. Bxg5 Bxe6 19. Qd6 Ree8 20. f4 Qxc3 21. Kh1 Qd4 22. Qc7 Qxe4 23. Rae1 Qc6 24. Qxc6 bxc6 25. Re2 Bc4 26. Ree1 0-1